Map: Dragon Scales LE

Players

SI 1 (Trudniejsza)

  • Race: Zerg Zerg
  • Spawn Location: 11:00

Romeo - Winner!

  • Race: Terran Terran
  • League: Gold
  • Spawn Location: 5:00

VOD

Have the link to the VOD?

Description

Time

  • Played on: July 30, 2023, 3:38 p.m.
  • Length: 10:02
Show
View Real Time Build Order
Export as new Build Order

SI 1 (Trudniejsza) Zerg 

Build Orders: Hatch First 

Get SALT Encoding   

  12  0:00  Drone  
  13  0:12  Overlord  
  13  0:16  Drone  
  14  0:31  Drone x2  
  14  0:34  Drone  
  17  0:54  Hatchery  
  17  0:56  Drone  
  17  1:10  Spawning Pool  
  16  1:13  Drone  
  16  1:15  Drone  
  18  1:18  Extractor  
  18  1:20  Drone  
  18  1:27  Overlord  
  18  1:38  Drone  
  19  1:58  Queen  
  19  2:00  Zergling x4  
  23  2:02  Roach Warren  
  23  2:06  Drone  
  23  2:07  Extractor  
  22  2:11  Drone  
  23  2:23  Drone  
  24  2:32  Drone  
  25  2:37  Overlord  
  25  2:42  Roach  
  27  2:54  Roach  
  27  2:55  Extractor  
  28  3:05  Extractor, Roach  
  30  3:06  Drone  
  30  3:11  Drone  
  31  3:16  Ravager, Lair  
  31  3:17  Roach  
  34  3:36  Overlord  
  34  3:46  Drone  
  35  3:49  Drone  
  35  3:53  Drone, Roach  
  39  3:56  Drone  
  39  4:00  Drone  
  41  4:03  Drone  
  42  4:10  Overlord  
  42  4:14  Drone  
  42  4:15  Hydralisk Den  
  42  4:16  Drone  
  43  4:20  Drone  
  45  4:24  Drone  
  45  4:28  Roach  
  47  4:40  Roach  
  47  4:45  Overlord  
  49  4:51  Hydralisk  
  51  5:03  Roach  
  51  5:04  Drone  
  54  5:10  Overlord  
  54  5:12  Drone  
  55  5:14  Roach  
  55  5:16  Drone  
  55  5:18  Drone  
  59  5:21  Drone  
  59  5:24  Drone  
  59  5:25  Hydralisk  
  52  5:32  Queen  
  44  5:36  Hydralisk  
  46  5:48  Roach  
  48  6:00  Drone, Roach  
  48  6:03  Drone  
  52  6:04  Drone  
  52  6:06  Drone  
  52  6:09  Drone  
  55  6:11  Drone, Roach  
  55  6:17  Overlord  
  58  6:20  Drone  
  59  6:26  Evolution Chamber  
  59  6:28  Drone  
  59  6:30  Drone  
  60  6:38  Drone  
  61  6:41  Drone  
  62  6:48  Burrow  
  62  6:49  Drone, Hydralisk  
  62  6:50  Drone  
  62  6:51  Drone, Zerg Ground Armor Level 1  
  67  6:55  Overlord  
  67  7:00  Drone  
  68  7:04  Zergling x2  
  69  7:11  Drone  
  69  7:14  Drone  
  71  7:18  Roach  
  71  7:19  Overlord  
  73  7:29  Hydralisk  
  74  7:38  Overlord  
  74  7:41  Zergling x2  
  73  7:44  Overseer  
  73  7:49  Zergling x2  
  73  7:50  Zergling x2  
  61  7:51  Drone  
  61  7:52  Zergling x2  
  61  7:57  Zergling x2  
  60  8:01  Overlord  
  60  8:04  Zergling x2  
  60  8:05  Zergling x2  
  50  8:07  Drone  
  50  8:09  Zergling x2  
  46  8:13  Metabolic Boost  
  46  8:15  Zergling x2  
  46  8:18  Drone  
  47  8:24  Drone  
  47  8:26  Zergling x2  
  33  8:37  Queen, Roach  
  37  8:47  Zergling x2  
  30  8:58  Zergling x2  
  28  9:08  Drone  
  17  9:19  Drone  
  13  9:25  Roach Warren  
  13  9:30  Hydralisk Den, Drone  
  9  9:33  Overseer x2  
Show
View Real Time Build Order
Export as new Build Order

Romeo Terran - Winner!

Build Orders:  

Get SALT Encoding   

  12  0:00  SCV  
  13  0:12  SCV  
  14  0:18  Supply Depot  
  14  0:24  SCV  
  15  0:40  SCV  
  15  0:42  Barracks  
  16  0:45  Refinery  
  16  0:52  SCV  
  17  1:04  SCV  
  18  1:16  SCV  
  19  1:30  Barracks Reactor  
  19  1:32  Orbital Command  
  19  1:40  Command Center  
  19  1:50  Supply Depot  
  19  1:57  SCV  
  20  2:06  Marine x2  
  22  2:10  SCV  
  22  2:13  Barracks  
  23  2:21  Barracks  
  23  2:24  SCV  
  23  2:29  Marine x2  
  26  2:37  SCV  
  27  2:47  Marine x2  
  27  2:49  SCV  
  30  2:52  Orbital Command  
  30  3:00  Barracks Tech Lab  
  30  3:01  SCV  
  31  3:07  Marine x2  
  31  3:09  Supply Depot  
  31  3:10  Barracks Tech Lab  
  33  3:13  SCV  
  33  3:18  Stimpack  
  33  3:19  Marine  
  35  3:21  SCV  
  35  3:25  Marine  
  35  3:26  Marine  
  38  3:29  Combat Shield  
  38  3:30  SCV  
  38  3:31  Marine  
  40  3:36  Supply Depot  
  40  3:39  Marine  
  40  3:41  SCV  
  42  3:44  SCV, Refinery  
  42  3:45  Marine  
  44  3:50  Marine  
  44  3:51  Marine  
  44  3:53  SCV  
  47  3:57  Marine  
  47  4:00  Factory  
  47  4:02  Marine  
  48  4:06  Supply Depot  
  48  4:07  SCV  
  48  4:08  SCV  
  51  4:11  Marine  
  51  4:12  Marine  
  51  4:14  Marine  
  54  4:19  SCV  
  54  4:20  Marine  
  54  4:23  SCV  
  57  4:30  Marine  
  58  4:34  Command Center  
  58  4:35  SCV  
  58  4:36  Marine  
  58  4:37  Marine  
  61  4:42  SCV  
  62  4:46  Marine  
  62  4:47  Factory Reactor  
  62  4:49  Starport  
  62  4:51  Marine  
  62  4:52  SCV  
  65  4:54  Marine  
  65  4:55  SCV  
  67  5:05  SCV, Marine x2  
  67  5:06  Supply Depot  
  70  5:15  Refinery x2  
  70  5:23  SCV  
  70  5:24  SCV, Marine  
  68  5:29  Marine x2  
  67  5:42  Marine  
  67  5:43  Medivac x2  
  67  5:45  SCV  
  67  5:47  Marine x2  
  67  5:48  Orbital Command  
  74  5:52  Barracks Reactor  
  74  5:54  SCV  
  74  5:56  Engineering Bay  
  75  5:57  SCV  
  75  5:58  Engineering Bay  
  75  6:00  Marine, Siege Tank  
  80  6:05  Marine x2  
  80  6:06  SCV  
  80  6:09  SCV, Orbital Command  
  84  6:18  Marine  
  85  6:21  Medivac x2  
  85  6:23  Marine x2  
  91  6:26  SCV x2  
  93  6:33  Terran Infantry Weapons Level 1, Supply Depot  
  93  6:35  Supply Depot  
  93  6:43  Terran Infantry Armor Level 1  
  93  6:54  SCV x3, Marine x5  
  93  6:57  Siege Tank  
  93  6:58  Supply Depot  
  104  7:06  SCV  
  105  7:11  Medivac  
  105  7:12  Marine x2  
  109  7:19  Supply Depot  
  109  7:20  SCV x2, Marine x3  
  109  7:22  Supply Depot  
  114  7:24  Supply Depot  
  114  7:25  SCV, Supply Depot  
  114  7:26  Armory  
  114  7:27  Medivac  
  117  7:30  Marine x2  
  117  7:32  SCV  
  117  7:34  Siege Tank  
  110  7:37  Marine x3  
  110  7:48  Marine x2  
  110  7:49  SCV  
  110  7:50  SCV x2  
  111  7:55  Marine x3  
  114  8:02  SCV x3  
  117  8:05  Marine  
  117  8:06  Marine, Siege Tank  
  117  8:07  Supply Depot  
  117  8:08  Medivac x2, Supply Depot  
  117  8:11  Barracks, Supply Depot  
  126  8:13  Marine x3  
  126  8:15  Refinery  
  126  8:17  Barracks  
  126  8:19  Refinery  
  129  8:23  Marine  
  129  8:24  Marine  
  131  8:30  Supply Depot  
  131  8:31  Marine x2, Marauder  
  135  8:41  Marine  
  135  8:42  Marine  
  137  8:49  Marine x2  
  137  8:52  Marine  
  140  8:58  Marine  
  140  8:59  Medivac x2, Marine x2, Siege Tank  
  150  9:06  Barracks, Marine x2  
  150  9:08  SCV x2  
  154  9:10  Marine  
  154  9:11  Factory  
  155  9:17  Marine x4  
  155  9:18  Command Center  
  155  9:21  Refinery  
  159  9:24  Marine x2  
  159  9:28  Marine  
  159  9:29  Medivac  
  164  9:35  Marine x3  
  164  9:37  SCV  
  172  9:42  Marine x2  
  172  9:43  Missile Turret  
  174  9:45  Barracks Tech Lab  
  174  9:49  SCV  
  174  9:56  Starport, Barracks Tech Lab  
  174  9:57  Factory Tech Lab  
  174  10:00  Starport  
Tags
 
League
Gold
Matchup
TvZ
Spawn Locations
Cross Positions
Add a new tag
Caveats
  • Supply blocks, unpowered buildings, or Contaminate may cause inaccurate times.
  • Supply counts are checked every 10 seconds.